Map: Ruins of Seras

Players

FoFPlatts - Winner!

  • Race: Terran Terran
  • League: Platinum

lesha

  • Race: Terran Terran
  • League: Silver

VOD

Have the link to the VOD?

Description

Time

  • Played on: Dec. 22, 2015, 10:21 a.m.
  • Length: 8:31
Show
View Real Time Build Order
Export as new Build Order

FoFPlatts Terran - Winner!

Build Orders:  

Get SALT Encoding   

  12  0:00  SCV  
  13  0:13  SCV  
  14  0:19  Supply Depot  
  14  0:25  SCV  
  15  0:41  SCV  
  15  0:42  Barracks  
  16  0:47  Refinery  
  16  0:53  SCV  
  17  1:05  SCV  
  18  1:21  SCV  
  19  1:30  Reaper  
  20  1:33  Orbital Command  
  20  1:58  Supply Depot  
  21  2:08  SCV  
  21  2:09  Command Center  
  21  2:10  Marine  
  22  2:21  SCV  
  22  2:22  Factory  
  23  2:38  SCV  
  23  2:41  Marine  
  25  2:47  Refinery  
  25  2:48  Barracks  
  25  2:50  SCV  
  26  3:03  SCV  
  27  3:06  Barracks Reactor  
  27  3:09  Widow Mine  
  29  3:15  SCV  
  31  3:27  SCV  
  31  3:41  Orbital Command  
  31  3:44  Barracks Tech Lab  
  31  3:50  Factory Reactor  
  31  3:51  Factory Tech Lab  
  31  3:53  SCV  
  31  3:55  Starport  
  32  3:56  Supply Depot x2  
  32  4:05  SCV  
  33  4:10  SCV  
  33  4:11  Marine x2  
  38  4:17  SCV  
  38  4:23  SCV  
  40  4:31  SCV  
  40  4:32  Marine x3  
  40  4:35  SCV  
  43  4:43  SCV  
  43  4:44  Command Center  
  44  4:47  SCV  
  44  4:50  Liberator  
  45  4:54  Marine x2  
  45  4:55  SCV, Siege Tank  
  45  4:59  SCV  
  52  5:07  SCV  
  52  5:11  SCV  
  57  5:20  SCV  
  58  5:21  Marine x2  
  58  5:22  Marauder  
  58  5:25  Barracks  
  62  5:41  Stimpack  
  62  5:47  Engineering Bay  
  62  5:50  Refinery  
  62  5:52  Refinery  
  62  5:55  SCV x2, Marine  
  62  5:56  Orbital Command, Marauder  
  67  6:04  Medivac  
  67  6:08  SCV x2  
  71  6:17  Marauder  
  73  6:19  Marine x2  
  73  6:20  SCV x2  
  73  6:21  Barracks Tech Lab  
  73  6:22  Barracks  
  77  6:27  Missile Turret  
  77  6:28  Missile Turret  
  77  6:51  Starport Reactor  
  77  6:55  Supply Depot  
  77  6:57  Supply Depot  
  77  6:58  Marine x2  
  77  6:59  Siege Tank, Marauder x2  
  86  7:20  Marauder x2  
  90  7:28  Marine x2  
  90  7:29  Barracks Tech Lab  
  89  7:31  Factory  
  89  7:35  Barracks  
  89  7:37  Orbital Command  
  89  7:38  SCV  
  89  7:39  SCV  
  89  7:42  Marauder  
  92  7:55  SCV  
  93  8:00  Medivac x2  
  93  8:01  SCV  
  93  8:04  SCV  
  99  8:07  SCV  
  99  8:12  Marine x3  
  107  8:13  Supply Depot, SCV  
  107  8:14  Supply Depot  
Show
View Real Time Build Order
Export as new Build Order

lesha Terran 

Build Orders:  

Get SALT Encoding   

  12  0:01  SCV  
  13  0:14  SCV  
  13  0:19  Supply Depot  
  14  0:26  SCV  
  15  0:41  SCV  
  15  0:42  Barracks  
  16  0:48  Refinery  
  16  0:53  SCV  
  17  1:05  SCV  
  18  1:17  SCV  
  19  1:29  SCV  
  19  1:31  Reaper  
  21  1:48  Command Center  
  21  1:51  Orbital Command  
  21  2:20  SCV  
  23  2:34  SCV  
  23  2:43  Refinery  
  23  2:45  Supply Depot  
  23  2:47  Marine  
  23  2:58  Barracks  
  23  2:59  SCV  
  23  3:01  Factory, Barracks  
  24  3:12  SCV, Marine  
  26  3:18  SCV  
  27  3:24  SCV  
  27  3:35  Marine  
  28  3:49  Hellion  
  28  3:50  Marine  
  28  3:51  Marine  
  28  3:52  Marine  
  33  4:05  Starport  
  30  4:17  SCV x2  
  31  4:26  Marine x2  
  31  4:27  Marine  
  31  4:29  SCV, Hellion  
  38  4:35  Orbital Command  
  37  4:41  SCV  
  37  4:44  Marine  
  39  4:45  Barracks Reactor, Barracks  
  39  4:46  Barracks Reactor, Barracks  
  38  5:00  Refinery  
  38  5:02  Refinery  
  38  5:09  Engineering Bay x2  
  38  5:10  SCV  
  38  5:11  SCV  
  40  5:19  Factory Reactor  
  40  5:21  Starport Reactor  
  40  5:22  Barracks Tech Lab  
  40  5:23  SCV x2, Marine  
  40  5:24  Marine  
  40  5:27  Marine  
  45  5:36  Supply Depot  
  45  5:38  Supply Depot  
  45  5:39  SCV  
  46  5:51  Barracks Tech Lab  
  46  5:52  Barracks Reactor  
  46  5:57  SCV, Stimpack, Marine x2  
  49  6:05  Barracks Reactor  
  49  6:07  Barracks Reactor  
  49  6:08  SCV  
  49  6:09  SCV  
  51  6:12  Marine  
  51  6:13  Marine x2  
  51  6:15  Marine x2  
  50  6:20  SCV  
  51  6:30  Marine  
  50  6:45  Missile Turret  
  50  6:55  Marine x4  
  50  6:56  Missile Turret x2, Marine x5  
  50  6:57  Missile Turret  
  50  6:58  Missile Turret  
  50  6:59  Medivac  
  61  7:05  Missile Turret  
  61  7:10  Medivac  
  61  7:13  Marine  
  57  7:22  SCV x2  
  59  7:26  Missile Turret  
  59  7:28  Marine x2  
  59  7:29  Marine  
  62  7:37  Supply Depot  
  62  7:41  Supply Depot  
  62  7:48  Marine  
  62  7:59  SCV x2, Marine x6  
  62  8:02  Marine x2  
  76  8:06  Marine  
  76  8:11  SCV  
  78  8:18  SCV  
Tags
 
Add a new tag
Caveats
  • Supply blocks, unpowered buildings, or Contaminate may cause inaccurate times.
  • Supply counts are checked every 10 seconds.